 Dungeon Crawl Stone Soup version 0.31-a0-774-g0d66cbabe8 (webtiles) character file.

Game seed: 14646769255119920554

496 Shayle the Changeling (level 7, -4/72 HPs)
             Began as an Ogre Shapeshifter on Sept 17, 2023.
             Slain by an ice beast (9 damage)
             ... on level 4 of the Dungeon.
             The game lasted 00:05:57 (2739 turns).

Shayle the Changeling (Ogre Shapeshifter)           Turns: 2739, Time: 00:05:58

Health: -4/72      AC:  3    Str: 19    XL:     7   Next: 15%
Magic:  8/8        EV:  9    Int: 13    God:
Gold:   153        SH:  0    Dex:  8    Spells: 7/7 levels left

rFire   . .          .
                       - Unarmed
rCold   . . .        (no shield)
rNeg    . . .        a - +0 animal skin
rPois   +            (helmet currently unavailable)
rElec   .            (cloak currently unavailable)
rCorr   .            (gloves unavailable)
SInv    .            (boots unavailable)
Will    .....        (no amulet)
Stlth   +            j - ring of poison resistance
HPRegen 0.32/turn    (no ring)
MPRegen 0.11/turn

%: no passive effects
@: beast-form, invisible
A: beast (slay +3), large, unfitting armour, tough skin 1
a: Begin Untransformation


You were on level 4 of the Dungeon.
You were a hulking beast.
You visited 1 branch of the dungeon, and saw 4 of its levels.

You collected 153 gold pieces.

Inventory:

Hand Weapons
 t - the +3 sling of the Beginning {heavy, *Corrode rPois Str+3}
   (You found it on level 4 of the Dungeon)

   Str+3:     It affects your strength (+3).
   rPois:     It protects you from poison *Corrode: It may corrode you when you
   take damage.
Armour
 a - a +0 animal skin (worn)
Jewellery
 j - a ring of poison resistance (left hand)
 s - a ring of ice
Talismans
 c - a beast talisman (active)
 d - a flux talisman
 i - a dragon-blood talisman
Scrolls
 b - a scroll of amnesia {unknown}
 e - a scroll of identify
 p - a scroll of revelation
 r - a scroll of vulnerability
Potions
 f - 2 potions of curing {unknown}
 h - a potion of invisibility
 l - a potion of brilliance
 m - 2 potions of ambrosia
 n - a potion of mutation {unknown}
 q - a potion of degeneration {unknown}


   Skills:
 + Level 5.5 Fighting
 - Level 1.7 Dodging
 - Level 2.8 Unarmed Combat
 - Level 0.8 Spellcasting
 * Level 6.1 Shapeshifting


You had 7 spell levels left.
You didn't know any spells.
Your spell library contained the following spells:

 Spells                   Type           Power      Damage    Failure   Level
 Frozen Ramparts          Ice            0%         1d1       65%         3
 Petrify                  Tmut/Erth      0%         N/A       96%         4
 Metabolic Englaciation   Hex/Ice        0%         N/A       100%        5


Dungeon Overview and Level Annotations

Branches:
Dungeon (4/15)
 Temple: D:4-7

Altars:
Ru
Vehumet


Innate Abilities, Weirdness & Mutations

You are a hulking beast.
Your limbs bulge with bestial killing power. (Slay +3)
You are too large for most types of armour.
You have tough skin. (AC +1)


Message History

You see here a hobgoblin corpse.
Attack: -) Nothing wielded
Press: ? - help, Dir - move target, f - you
Okay, then.
Okay, then.
Throw: 2 darts (atropa)
Press: ? - help, Q - select action Shift-Dir - straight line, f - ice beast
Aim: an ice beast (57% to hit, chance to blind on hit: 27%)
You throw an atropa-tipped dart.
The atropa-tipped dart closely misses the ice beast.
Throw: dart (atropa)
Press: ? - help, Q - select action Shift-Dir - straight line, f/p - ice beast
Aim: an ice beast (59% to hit, chance to blind on hit: 27%)
You throw an atropa-tipped dart.
The atropa-tipped dart hits the ice beast.
The ice beast resists.
You fade into invisibility!
You barely miss the ice beast. The ice beast hits you.
The ice beast freezes you!
* * * LOW HITPOINT WARNING * * *
You hit the ice beast.
The ice beast is lightly wounded.
The ice beast hits you.
* * * LOW HITPOINT WARNING * * *
The ice beast freezes you!
* * * LOW HITPOINT WARNING * * *
You punch the ice beast!
The ice beast is heavily wounded.
The ice beast hits you but does no damage.
Unknown command.
Okay, then.
You hit the ice beast but do no damage.
The ice beast is heavily wounded.
The ice beast hits you but does no damage.
You hit the ice beast.
The ice beast is heavily wounded.
The ice beast hits you.
* * * LOW HITPOINT WARNING * * *
The ice beast freezes you!
You die...

... ###.###....#..
.........#######........
#..........###..))...#..
###....(.........#.......
#.........#......#####...
#........##.......#.....
#.........#).....#..##..
#####.....Y.##..).....##...
#.........h.##.....)#..#...
...###...............#.[....
##.#............#.#....
###...##....#.........
##<###....#.#....... ###
##...####.#....
######....##.. ###..##..
#...#..


You could see an ice beast (unable to see you).

Vanquished Creatures
  Sigmund (D:4)
  A centaur (D:4)
  A scorpion (D:3)
  2 orc wizards (D:3)
  A sleepcap (D:4)
  6 adders
  A worm (D:3)
  4 dart slugs
  2 orcs
  6 bats
  3 endoplasms
  2 giant cockroaches
  4 goblins
  8 hobgoblins
  3 jackals (D:2)
  3 quokkas
  4 ball pythons
  A frilled lizard (D:3)
  3 kobolds
  3 rats (D:1)
59 creatures vanquished.

Notes
Turn   | Place    | Note
-------+----------+-------------------------------------------
     0 | D:1      | Shayle the Ogre Shapeshifter began the quest for the Orb.
     0 | D:1      | Reached XP level 1. HP: 19/19 MP: 1/1
   104 | D:1      | Reached XP level 2. HP: 23/28 MP: 2/2
   635 | D:2      | Reached XP level 3. HP: 26/35 MP: 4/4
   893 | D:2      | Found a faded altar of an unknown god.
   921 | D:2      | Reached XP level 4. HP: 43/44 MP: 5/5
   942 | D:2      | Identified the +0 ring mail "Plog" {rPois}
  1013 | D:2      | Reached skill level 4 in Shapeshifting
  1518 | D:3      | Noticed a scorpion
  1527 | D:3      | Killed a scorpion
  1528 | D:3      | Reached XP level 5. HP: 20/54 MP: 6/6
  1896 | D:3      | Reached skill level 5 in Shapeshifting
  2111 | D:3      | Found a sacrificial altar of Ru.
  2111 | D:3      | Found a radiant altar of Vehumet.
  2374 | D:4      | Identified the +3 sling of the Beginning {heavy, *Corrode
                  | rPois Str+3}
  2392 | D:4      | Reached XP level 6. HP: 62/62 MP: 7/7
  2392 | D:4      | Noticed Sigmund
  2424 | D:4      | Killed Sigmund
  2425 | D:4      | Reached skill level 5 in Fighting
  2675 | D:4      | Reached skill level 6 in Shapeshifting
  2675 | D:4      | Reached XP level 7. HP: 15/72 MP: 8/8
  2739 | D:4      | Slain by an ice beast

Illustrated notes

Levels and vault maps discovered:
D:1:      wander_arrival_peaceful_grave, layout_rooms, amcnicky_mini_pool_small
D:2:      layout_rooms, serial_corexii_hall, corexii_hall_statues_u,
          corexii_hall_statues_s, chequers_ecumenical_altar_lobes
D:3:      layout_loops_ring, gammafunk_temple_overflow_elements,
          nicolae_eternal_life
D:4:      layout_cave_pools, portal_sewer_entry_f, uniq_sigmund

Skill      XL: |  1  2  3  4  5  6 |
---------------+-------------------+-----
Fighting       | 2 3 4 5 |  5.5
Shapeshifting  | 4 5 6 |  6.1
Dodging        | |  1.7
Unarmed Combat | |  2.8
Spellcasting   | |  0.8

Action                     |  1- 3 |  4- 6 |  7- 9 || total
---------------------------+-------+-------+-------++-------
  Melee: Unarmed           |    91 |   135 |     9 ||   235
         Punch             |     4 |     6 |       ||    10
  Throw: Dart              |       |       |     2 ||     2
    Use: Scroll            |       |     8 |       ||     8
         Potion            |       |     1 |     1 ||     2
 Armour: Animal skin       |    55 |   116 |     7 ||   178
         Skin              |       |     6 |       ||     6
  Dodge: Dodged            |    40 |    66 |     1 ||   107

Table legend: (Time is in decaauts)
 A = Elapsed time spent in this place.
 B = Non-inter-level travel time spent in this place.
 C = Inter-level travel time spent in this place.
 D = Time resting spent in this place.
 E = Time spent auto-exploring this place.
 F = Levels seen in this place.
 G = Mean time per level.
                   A        B        C        D        E       F      G
               +--------+--------+--------+--------+--------+-----+--------+
         Total |   2725 |   2659 |     66 |    387 |   1542 |   4 |  681.2 |
       Dungeon |   2725 |   2659 |     66 |    387 |   1542 |   4 |  681.2 |
               +--------+--------+--------+--------+--------+-----+--------+

Top non-repeatable levels by time:
     D:3: 943 daAuts
     D:2: 825 daAuts
     D:1: 582 daAuts
     D:4: 373 daAuts
